 Dungeon Crawl Stone Soup version 0.27-a0-1049-g450f9b2e0d (webtiles) character file.

Game seed: 16120113925881359503

43 wakim the Insei (level 3, -1/23 HPs)
             Began as an Octopode Transmuter on Apr 20, 2021.
             Was an Initiate of Ru.
             Slain by an ufetubus (4 damage)
             ... on level 4 of the Dungeon.
             The game lasted 00:05:40 (2385 turns).

wakim the Insei (Octopode Transmuter)               Turns: 2385, Time: 00:05:40

Health: -1/23      AC:  1    Str:  9    XL:     3   Next: 58%
Magic:  6/6        EV: 14    Int: 16    God:    Ru [......]
Gold:   90         SH:  0    Dex: 18    Spells: 2/6 levels left

rFire    . . .     SeeInvis .   b - +0 hunting sling
rCold    . . .     Faith    .   (no shield)
rNeg     . . .     Spirit   .   (helmet restricted)
rPois    .         Reflect  .   (no amulet)
rElec    .         Harm     .   c - +6 ring of dexterity
rCorr    .         Rampage  .   (no ring)
Will     .....                  (no ring)
Stlth    +++.......             (no ring)
HPRegen  0.07/turn              (no ring)
MPRegen  0.10/turn              (no ring)
                                (no ring)
                                (no ring)

@: no status effects
A: almost no armour, amphibious, 8 rings, camouflage 1, gelatinous body 1,
(nimble swimmer 1), tentacles
a: Renounce Religion, Sacrifice Health, Sacrifice Resistance, Sacrifice Skill,
Reject Sacrifices


You were on level 4 of the Dungeon.
You worshipped Ru.
Ru was noncommittal.
You visited 1 branch of the dungeon, and saw 4 of its levels.

You collected 90 gold pieces.

Inventory:

Hand Weapons
 b - a +0 hunting sling (weapon)
Missiles
 s - 75 stones (quivered ammo)
Jewellery
 c - a +6 ring of dexterity (left tentacle)
Wands
 v - a wand of flame (13)
Potions
 a - a potion of invisibility {unknown}
 d - a potion of heal wounds {unknown}
 M - 2 potions of mutation {!q}


   Skills:
 + Level 1.5 Fighting
 + Level 2.3 Dodging
 * Level 2.4 Stealth
 * Level 3.5 Unarmed Combat
 - Level 2.0 Spellcasting
 - Level 2.0 Transmutations


You had 2 spell levels left.
You knew the following spells:

 Your Spells              Type           Power      Damage    Failure   Level
a - Beastly Appendage     Tmut           16%        N/A       9%          1
x - Spider Form           Tmut/Pois      2%         N/A       38%         3

Your spell library contained the following spells:

 Spells                   Type           Power      Damage    Failure   Level
 Wereblood                Tmut           8%         N/A       14%         2
 Ice Form                 Ice/Tmut       4%         N/A       80%         4
 Hydra Form               Tmut           4%         N/A       94%         5


Dungeon Overview and Level Annotations

Branches:
Dungeon (4/15)
 Temple: D:4-7

Altars:
Ru

Annotations:
D:3 Sigmund


Innate Abilities, Weirdness & Mutations

You cannot wear most types of armour.
You are amphibious.
You can wear up to eight rings at the same time.
Your skin changes colour to match your surroundings (Stealth+).
Your rubbery body absorbs attacks. (AC +1, EV +1)
((You are camouflaged near water. (Stealth+)))
You have tentacles for arms and can constrict up to eight enemies at once.


Message History

There is an escape hatch in the floor here.
s - 75 stones (gained 16) Sigmund the Dreaded comes into view.
He is wielding a +0 scythe.
Sigmund says, "I'm your fate." Sigmund casts a spell at you.
The puff of flame hits you. Sigmund completely misses you.
You aren't carrying any scrolls.
Unknown command.
Aiming: Throw Flame
Press: ? - help, Shift-Dir - straight line, f - Sigmund
Aim: Sigmund, wielding a +0 scythe and wearing a +0 robe (64% to hit)
The puff of flame misses Sigmund.
Sigmund looks at you with fury.
Sigmund hits you from afar with a +0 scythe!
Ouch! That really hurt!
* * * LOW HITPOINT WARNING * * *
You are confused.
You feel invigorated. Sigmund closely misses you.
You bump into the rock wall.
Sigmund barely misses you.
You bump into the rock wall.
You feel less invigorated.
You feel less confused.
Sigmund hits you from afar with a +0 scythe.
Sigmund points at you and mumbles some strange words.
The magic dart hits you!
* * * LOW HITPOINT WARNING * * *
Sigmund gestures at you while chanting. The magic dart hits you!
* * * LOW HITPOINT WARNING * * *
There is an escape hatch in the floor here.
You slide downwards.
The hatch slams shut behind you.
An adder and a worm come into view. 2 orcs come into view.
The orc shouts! x2; You hear an angry hiss.
An orc priest comes into view. It is wielding a +0 dagger.
An orc comes into view. It is wielding a +0 hand axe.
An ufetubus comes into view.
The ufetubus shouts!
You hear a shout! x3
The ufetubus hits you.
You die...

# #.# .. #.#
#.. #.# ....
#.# ..... #.#
#.....#.###
#..[......##
##..###..#.##
# ....###@#
..###..#5##
#.#.. ..#.#
###. #. #


You could see an ufetubus.

Vanquished Creatures
  2 worms (D:2)
  3 dart slugs
  4 endoplasms
  A giant cockroach (D:2)
  3 goblins
  A hobgoblin (D:2)
  2 jackals (D:3)
  2 kobolds (D:1)
  2 quokkas (D:1)
  2 ball pythons (D:1)
  4 bats
  2 rats (D:2)
28 creatures vanquished.

Notes
Turn   | Place    | Note
-------+----------+-------------------------------------------
     0 | D:1      | wakim the Octopode Transmuter began the quest for the Orb.
     0 | D:1      | Reached XP level 1. HP: 13/13 MP: 3/3
   304 | D:1      | Reached skill level 1 in Stealth
   445 | D:1      | Reached XP level 2. HP: 18/18 MP: 3/5
  1463 | D:2      | Found a faded altar of an unknown god.
  1471 | D:2      | Became a worshipper of Ru the Awakened
  1509 | D:2      | Reached XP level 3. HP: 21/23 MP: 4/6
  1806 | D:2      | Learned a level 3 spell: Spider Form
  2354 | D:3      | Noticed Sigmund
  2366 | D:3      | HP: 1/23 [Sigmund/magic dart (7)]
  2385 | D:4      | Slain by an ufetubus

Illustrated notes

Levels and vault maps discovered:
D:1:      amcnicky_arrival_feature_with_door, layout_loops_corners
D:2:      layout_basic, ebering_ecumenical_altar_webs, hangedman_decor_push
D:3:      layout_basic, gammafunk_temple_overflow_elements,
          nicolae_ru_awakened_eye, chequers_serial_rivers_micro_b, uniq_ijyb,
          uniq_sigmund, uniq_natasha
D:4:      layout_loops_ring, trog_butcher_becter,
          minmay_temple_entry_glassed_door, uniq_robin, uniq_crazy_yiuf_cottage

Skill      XL: |  1  2 |
---------------+-------+-----
Stealth        | 1 2 |  2.4
Fighting       | |  1.5
Dodging        | |  2.3
Unarmed Combat | |  3.5
Spellcasting   | |  2.0
Transmutations | |  2.0

Action                   || total
-------------------------++-------
Melee: Unarmed           ||    35
       Kick              ||    14
       Constrict         ||    10
       Tentacles         ||     5
       Punch             ||     1
 Fire: Hunting sling     ||    36
 Cast: Beastly Appendage ||    13
Evoke: Wand              ||     1
  Use: Scroll            ||     7
       Potion            ||     1
 Stab: Sleeping          ||     1
Armor: Skin              ||     4
Dodge: Dodged            ||    15

Table legend: (Time is in decaauts)
 A = Elapsed time spent in this place.
 B = Non-inter-level travel time spent in this place.
 C = Inter-level travel time spent in this place.
 D = Time resting spent in this place.
 E = Time spent auto-exploring this place.
 F = Levels seen in this place.
 G = Mean time per level.
                   A        B        C        D        E       F      G
               +--------+--------+--------+--------+--------+-----+--------+
         Total |   2373 |   2293 |     80 |      0 |   2001 |   4 |  593.2 |
       Dungeon |   2373 |   2293 |     80 |      0 |   2001 |   4 |  593.2 |
               +--------+--------+--------+--------+--------+-----+--------+

Top non-repeatable levels by time:
     D:1: 1210 daAuts
     D:2: 881 daAuts
     D:3: 270 daAuts
     D:4: 10 daAuts
